MWL (24 & UNDER)
BARRY'S BAY ORIOLES @ ERIE JAXX
07/22/2029
 
TOP OF THE 1ST
Barry's Bay Orioles batting - Pitching for Erie Jaxx : RHP Jesús Jaramillo
Pitching: RHP Jesús Jaramillo
Batting: LHB Ryan Rheaume 0-0: Foul Ball, location: 2F
0-1: Ground out 4-3 (Groundball, 34D)
Batting: LHB Lúcio Gómez 0-0: Called Strike
0-1: Called Strike
0-2: Strikes out swinging
Batting: RHB Jim Martin 0-0: Ball
1-0: Ball
2-0: Ball
3-0: Base on Balls
Batting: LHB Greg Sharpe 0-0: Ball
1-0: SINGLE (Line Drive, 8LM)
Jim Martin to second
Batting: RHB Lynn Johnson 0-0: Ball
1-0: Ball
2-0: Hit by Pitch
Jim Martin to third
Greg Sharpe to second
Batting: RHB River Cunningham 0-0: DOUBLE (Line Drive, 8LD)
Jim Martin scores
Greg Sharpe scores
Lynn Johnson to third
Runner from 3rd tries for Home, SAFE, no throw
Batting: SHB Terry Christian 0-0: SINGLE (Groundball, 4MD)
River Cunningham to third
Runner from 3rd tries for Home, SAFE, throw made home
Batting: RHB Manny Gutiérrez 0-0: Ball
1-0: Called Strike
1-1: SINGLE (Line Drive, 34D)
Terry Christian to second
Batting: RHB Octávio Aldeguer 0-0: Called Strike
0-1: Foul Ball, location: 2F
0-2: Ball
1-2: Strikes out looking
Top of the 1st over - 4 runs, 4 hits, 0 errors, 2 left on base; Barry's Bay 4 - Erie 0
BOTTOM OF THE 1ST
Erie Jaxx batting - Pitching for Barry's Bay Orioles : LHP Bill Martin
Pitching: LHP Bill Martin
Batting: RHB James Richardson 0-0: Called Strike
0-1: Called Strike
0-2: Ball
1-2: Strikes out swinging
Batting: RHB Ramón Maldonado 0-0: Ground out 6-3 (Groundball, 6)
Batting: RHB Shane Marshall 0-0: Ball
1-0: Fly out, F7 (Flyball, 78S)
Bottom of the 1st over - 0 runs, 0 hits, 0 errors, 0 left on base; Barry's Bay 4 - Erie 0
TOP OF THE 2ND
Barry's Bay Orioles batting - Pitching for Erie Jaxx : RHP Jesús Jaramillo
Batting: LHB Ryan Rheaume 0-0: Called Strike
0-1: SINGLE (Groundball, 4MD)
Batting: LHB Lúcio Gómez 0-0: DOUBLE (Flyball, 8LXD)
Ryan Rheaume to third
Runner from 3rd tries for Home, throw and OUT!
Batting: RHB Jim Martin 0-0: Called Strike
0-1: Ground out U3 (Groundball, 3)
Lúcio Gómez to third
Batting: LHB Greg Sharpe 0-0: Called Strike
0-1: Called Strike
0-2: Strikes out swinging
Top of the 2nd over - 0 runs, 2 hits, 0 errors, 1 left on base; Barry's Bay 4 - Erie 0
BOTTOM OF THE 2ND
Erie Jaxx batting - Pitching for Barry's Bay Orioles : LHP Bill Martin
Batting: RHB Miguel Sánchez 0-0: Foul Ball, location: 2F
0-1: Ball
1-1: Called Strike
1-2: Ground out 4-3 (Groundball, 4)
Batting: SHB José Durango 0-0: Ball
1-0: Ball
2-0: Called Strike
2-1: Foul Ball, location: 2F
2-2: Ball
3-2: Ground out 6-3 (Groundball, 6)
Batting: RHB Danny Morrison 0-0: Ball
1-0: Foul Ball, location: 2F
1-1: Ball
2-1: Ball
3-1: Base on Balls
Batting: RHB Ed Keesee 0-0: Ground out 4-3 (Groundball, 34)
Bottom of the 2nd over - 0 runs, 0 hits, 0 errors, 1 left on base; Barry's Bay 4 - Erie 0
TOP OF THE 3RD
Barry's Bay Orioles batting - Pitching for Erie Jaxx : RHP Jesús Jaramillo
Batting: RHB Lynn Johnson 0-0: SOLO HOME RUN (Flyball, 7LD), Distance : 330 ft
Batting: RHB River Cunningham 0-0: Foul Ball, location: 2F
0-1: Swinging Strike
0-2: Ball
1-2: Ground out 1-3 (Groundball, 15S)
Batting: SHB Terry Christian 0-0: Called Strike
0-1: Ball
1-1: Fly out, F8 (Flyball, 8RM)
Batting: RHB Manny Gutiérrez 0-0: Fly out, F9 (Flyball, 89M)
Top of the 3rd over - 1 run, 1 hit, 0 errors, 0 left on base; Barry's Bay 5 - Erie 0
BOTTOM OF THE 3RD
Erie Jaxx batting - Pitching for Barry's Bay Orioles : LHP Bill Martin
Batting: RHB Andrés Silva 0-0: Foul Ball, location: 2F
0-1: Ball
1-1: SINGLE (Line Drive, 6MD)
Batting: RHB William Wilson Pickoff Throw to First - Out!
0-0: Ball
1-0: Swinging Strike
1-1: Foul Ball, location: 2F
1-2: Ball
2-2: Ball
3-2: Foul Ball, location: 2F
3-2: Strikes out swinging
Batting: RHB James Richardson 0-0: Called Strike
0-1: Ball
1-1: Swinging Strike
1-2: Foul Ball, location: 2F
1-2: Foul Ball, location: 2F
1-2: Foul Ball, location: 2F
1-2: Strikes out looking
Bottom of the 3rd over - 0 runs, 1 hit, 0 errors, 0 left on base; Barry's Bay 5 - Erie 0
TOP OF THE 4TH
Barry's Bay Orioles batting - Pitching for Erie Jaxx : RHP Jesús Jaramillo
Batting: RHB Octávio Aldeguer 0-0: Ball
1-0: Ball
2-0: Foul Ball, location: 2F
2-1: Ball
3-1: Foul Ball, location: 2F
3-2: Foul Ball, location: 2F
3-2: Foul Ball, location: 2F
3-2: Foul Ball, location: 2F
3-2: Strikes out swinging
Batting: LHB Ryan Rheaume 0-0: Ball
1-0: Called Strike
1-1: Foul Ball, location: 2F
1-2: Ball
2-2: Strikes out swinging
Batting: LHB Lúcio Gómez 0-0: Ball
1-0: Foul Ball, location: 2F
1-1: Foul Ball, location: 2F
1-2: Ball
2-2: Ball
3-2: Base on Balls
Pitching: RHP Jorge Barrón
Batting: RHB Jim Martin 0-0: Called Strike
0-1: Foul Ball, location: 2F
0-2: Ball
1-2: Ball
2-2: Ground out 1-3 (Groundball, P)
Top of the 4th over - 0 runs, 0 hits, 0 errors, 1 left on base; Barry's Bay 5 - Erie 0
BOTTOM OF THE 4TH
Erie Jaxx batting - Pitching for Barry's Bay Orioles : LHP Bill Martin
Batting: RHB Ramón Maldonado 0-0: Called Strike
0-1: Called Strike
0-2: Ball
1-2: Strikes out swinging
Batting: RHB Shane Marshall 0-0: Swinging Strike
0-1: Ball
1-1: Swinging Strike
1-2: Ball
2-2: Foul Ball, location: 2F
2-2: Ball
3-2: Strikes out swinging
Batting: RHB Miguel Sánchez 0-0: Ball
1-0: Swinging Strike
1-1: Ball
2-1: Foul Ball, location: 2F
2-2: Strikes out swinging
Bottom of the 4th over - 0 runs, 0 hits, 0 errors, 0 left on base; Barry's Bay 5 - Erie 0
TOP OF THE 5TH
Barry's Bay Orioles batting - Pitching for Erie Jaxx : RHP Jorge Barrón
Batting: LHB Greg Sharpe 0-0: Ground out 4-3 (Groundball, 4)
Batting: RHB Lynn Johnson 0-0: Fly out, F8 (Flyball, 8LS)
Batting: RHB River Cunningham 0-0: Ball
1-0: Ball
2-0: Foul Ball, location: 2F
2-1: Ball
3-1: Base on Balls
Batting: SHB Terry Christian 0-0: Called Strike
0-1: Fielders Choice at 2nd, 6-4 (Groundball, 6)
Top of the 5th over - 0 runs, 0 hits, 0 errors, 1 left on base; Barry's Bay 5 - Erie 0
BOTTOM OF THE 5TH
Erie Jaxx batting - Pitching for Barry's Bay Orioles : LHP Bill Martin
Batting: SHB José Durango 0-0: Foul Ball, location: 2F
0-1: Ball
1-1: Ball
2-1: Ball
3-1: Ground out 6-3 (Groundball, 6M)
Batting: RHB Danny Morrison 0-0: Foul Ball, location: 2F
0-1: Called Strike
0-2: Foul Ball, location: 2F
0-2: Ball
1-2: Strikes out swinging
Batting: RHB Ed Keesee 0-0: Ball
1-0: Ground out 6-3 (Groundball, 6)
Bottom of the 5th over - 0 runs, 0 hits, 0 errors, 0 left on base; Barry's Bay 5 - Erie 0
TOP OF THE 6TH
Barry's Bay Orioles batting - Pitching for Erie Jaxx : RHP Jorge Barrón
Batting: RHB Manny Gutiérrez 0-0: Called Strike
0-1: Foul Ball, location: 2F
0-2: SOLO HOME RUN (Flyball, 7LD), Distance : 341 ft
Batting: RHB Octávio Aldeguer 0-0: Ball
1-0: Foul Ball, location: 2F
1-1: Called Strike
1-2: Foul Ball, location: 2F
1-2: Foul Ball, location: 2F
1-2: Ball
2-2: Foul Ball, location: 2F
2-2: Ball
3-2: Foul Ball, location: 2F
3-2: Foul Ball, location: 2F
3-2: Base on Balls
Batting: LHB Ryan Rheaume 0-0: Foul Ball, location: 2F
0-1: Ball
1-1: Foul Ball, location: 2F
1-2: Ground out 4-3 (Groundball, 34D)
Octávio Aldeguer to second
Batting: LHB Lúcio Gómez 0-0: Ball
Octávio Aldeguer is caught stealing 3rd base
1-0: Called Strike
1-1: Called Strike
1-2: Foul Ball, location: 2F
1-2: Strikes out swinging
Top of the 6th over - 1 run, 1 hit, 0 errors, 0 left on base; Barry's Bay 6 - Erie 0
BOTTOM OF THE 6TH
Erie Jaxx batting - Pitching for Barry's Bay Orioles : LHP Bill Martin
Batting: RHB Andrés Silva 0-0: Ball
1-0: Swinging Strike
1-1: Foul Ball, location: 2F
1-2: Fly out, F8 (Flyball, 78M)
Batting: RHB William Wilson 0-0: Ball
1-0: Swinging Strike
1-1: Ball
2-1: Fly out, F6 (Line Drive, 6)
Batting: RHB James Richardson 0-0: Swinging Strike
0-1: Ball
1-1: Foul Ball, location: 2F
1-2: Strikes out swinging
Bottom of the 6th over - 0 runs, 0 hits, 0 errors, 0 left on base; Barry's Bay 6 - Erie 0
TOP OF THE 7TH
Barry's Bay Orioles batting - Pitching for Erie Jaxx : RHP Jorge Barrón
Pitching: RHP Robbie Hopps
Batting: RHB Jim Martin 0-0: Foul Ball, location: 2F
0-1: Swinging Strike
0-2: SINGLE (Line Drive, 4MD)
Batting: LHB Greg Sharpe 0-0: Called Strike
0-1: SINGLE (Groundball, 4MD)
Jim Martin to second
Runner from 2nd tries for 3rd, SAFE, no throw
Batting: RHB Lynn Johnson 0-0: Hit by Pitch
Greg Sharpe to second
Batting: RHB River Cunningham 0-0: Called Strike
0-1: Ball
1-1: Ball
2-1: SINGLE (Line Drive, 78S)
Jim Martin scores
Greg Sharpe to third
Lynn Johnson to second
Runner from 3rd tries for Home, SAFE, no throw
Batting: SHB Terry Christian 0-0: Ball
1-0: Ball
2-0: SINGLE (Groundball, 6MD)
Lynn Johnson to third
River Cunningham to second
Batting: RHB Manny Gutiérrez 0-0: Ball
1-0: Called Strike
1-1: Ball
2-1: Swinging Strike
2-2: Strikes out swinging
Batting: RHB Octávio Aldeguer 0-0: Fly out, F9 (Flyball, 9LS)
Runner from 3rd tags up, SCORES, no throw
Batting: LHB Ryan Rheaume 0-0: Called Strike
0-1: Ball
1-1: Foul Ball, location: 2F
1-2: Foul Ball, location: 2F
1-2: Strikes out swinging
Top of the 7th over - 3 runs, 4 hits, 0 errors, 2 left on base; Barry's Bay 9 - Erie 0
BOTTOM OF THE 7TH
Erie Jaxx batting - Pitching for Barry's Bay Orioles : LHP Bill Martin
Batting: RHB Ramón Maldonado 0-0: Ball
1-0: Called Strike
1-1: Foul Ball, location: 2F
1-2: Strikes out swinging
Batting: RHB Shane Marshall 0-0: Ball
1-0: Called Strike
1-1: Foul Ball, location: 2F
1-2: SOLO HOME RUN (Flyball, 7D), Distance : 368 ft
Batting: RHB Miguel Sánchez 0-0: Called Strike
0-1: Ball
1-1: Swinging Strike
1-2: Ball
2-2: Foul Ball, location: 2F
2-2: Foul Ball, location: 2F
2-2: Strikes out swinging
Batting: SHB José Durango 0-0: Ball
1-0: SINGLE (Flyball, 78S)
Batting: RHB Danny Morrison 0-0: Ball
1-0: Fielders Choice at 2nd, 6-4 (Groundball, 6)
Bottom of the 7th over - 1 run, 2 hits, 0 errors, 1 left on base; Barry's Bay 9 - Erie 1
TOP OF THE 8TH
Barry's Bay Orioles batting - Pitching for Erie Jaxx : RHP Robbie Hopps
Batting: LHB Lúcio Gómez 0-0: Ball
1-0: Called Strike
1-1: Swinging Strike
1-2: Strikes out swinging
Batting: RHB Jim Martin 0-0: DOUBLE (Line Drive, 7LM)
Batting: LHB Greg Sharpe 0-0: Ball
1-0: Ball
2-0: SINGLE (Line Drive, 9LS)
Jim Martin to third
Runner from 3rd tries for Home, SAFE, no throw
Batting: RHB Lynn Johnson 0-0: Called Strike
Greg Sharpe steals 2nd base
0-1: Ball
1-1: Called Strike
1-2: Strikes out looking
Batting: RHB River Cunningham 0-0: Ball
1-0: Ball
2-0: Called Strike
2-1: Swinging Strike
2-2: Foul Ball, location: 2F
2-2: SINGLE (Groundball, 6MD)
Greg Sharpe to third
Runner from 3rd tries for Home, SAFE, no throw
Batting: SHB Terry Christian 0-0: Ball
1-0: Ball
2-0: Swinging Strike
2-1: Ground out 1-3 (Groundball, 13S)
Top of the 8th over - 2 runs, 3 hits, 0 errors, 1 left on base; Barry's Bay 11 - Erie 1
BOTTOM OF THE 8TH
Erie Jaxx batting - Pitching for Barry's Bay Orioles : LHP Bill Martin
Pitching: RHP A.J. Martin
Batting: RHB Ed Keesee 0-0: Ball
1-0: Foul Ball, location: 2F
1-1: Foul Ball, location: 2F
1-2: Ball
2-2: Ground out 6-3 (Groundball, 6)
Batting: RHB Andrés Silva 0-0: Called Strike
0-1: Swinging Strike
0-2: Ball
1-2: Strikes out swinging
Batting: RHB William Wilson 0-0: Foul Ball, location: 2F
0-1: Ball
1-1: Ball
2-1: Called Strike
2-2: Strikes out swinging
Bottom of the 8th over - 0 runs, 0 hits, 0 errors, 0 left on base; Barry's Bay 11 - Erie 1
TOP OF THE 9TH
Barry's Bay Orioles batting - Pitching for Erie Jaxx : RHP Robbie Hopps
Batting: RHB Manny Gutiérrez 0-0: Ball
1-0: Ground out 6-3 (Groundball, 6)
Pitching: LHP Phil Forbes
Batting: RHB Octávio Aldeguer 0-0: Ball
1-0: Called Strike
1-1: Swinging Strike
1-2: Ball
2-2: Strikes out swinging
Batting: LHB Ryan Rheaume 0-0: Called Strike
0-1: Swinging Strike
0-2: Foul Ball, location: 2F
0-2: Ball
1-2: Strikes out swinging
Top of the 9th over - 0 runs, 0 hits, 0 errors, 0 left on base; Barry's Bay 11 - Erie 1
BOTTOM OF THE 9TH
Erie Jaxx batting - Pitching for Barry's Bay Orioles : RHP A.J. Martin
Batting: RHB James Richardson 0-0: Ball
1-0: Foul Ball, location: 2F
1-1: Ball
2-1: SINGLE (Line Drive, 9S)
Batting: RHB Ramón Maldonado 0-0: Ball
1-0: Foul Ball, location: 2F
1-1: Called Strike
1-2: Strikes out looking
Batting: RHB Shane Marshall 0-0: Ball
1-0: Ball
2-0: Foul Ball, location: 2F
2-1: Called Strike
2-2: Strikes out swinging
Batting: RHB Miguel Sánchez 0-0: Called Strike
0-1: Swinging Strike
0-2: Strikes out swinging
Bottom of the 9th over - 0 runs, 1 hit, 0 errors, 1 left on base; Barry's Bay 11 - Erie 1
Saturday, December 16th, 2017 - OOTP Baseball 18.8 Build 76